[Event "Team 45 45 League T59"]
[Site "Internet Chess Club"]
[Date "2014.01.02"]
[Round "6"]
[White "Egmont"]
[Black "oldway"]
[Result "0-1"]
[WhiteElo "1786"]
[BlackElo "1867"]
[Opening "Queen's pawn, Mason variation"]
[ECO "D00"]
[Time "13:00:48"]
[TimeControl "2700+45"]

1. d4 d5 2. Bf4 Nf6 3. e3 e6 4. Nf3 Be7 5. h3 O-O 6. Nbd2 Nbd7 7. c3 c5 8. Bd3
a6 9. a4 b6 10. O-O Bb7 11. Re1 Nb8 12. Ne5 Nc6 13. Nxc6 Bxc6 14. Nf3 Bb7 15.
Ne5 Rc8 16. Qe2 c4 17. Bc2 Nd7 18. e4 Nxe5 19. Bxe5 dxe4 20. Bxe4 Bd5 21. Qh5
Bxe4 22. Rxe4 Qd5 23. Qe2 Bd6 24. Bxd6 Qxd6 25. Qh5 Qc6 26. Rh4 h6 27. Rg4 Kh7
28. Qe5 Rg8 29. Rf4 Rc7 30. Re1 Rd8 31. Rg4 Rg8 32. Re3 Rd7 33. Reg3 g5 34. Qe4+
Qxe4 35. Rxe4 Rd5 36. Re1 Ra5 37. Rf3 Kg6 38. b4 cxb3 39. c4 Rxa4 40. Rxb3 Rxc4
41. Rxb6 Rxd4 42. Rxa6 Rgd8 43. Re2 h5 44. f3 R8d6 45. Ra8 h4 46. Rg8+ Kf5 47.
Kf2 Rd2 48. Rf8 Rxe2+ 49. Kxe2 f6 50. Ra8 Kf4 51. Ra4+ Kg3 52. Rg4+ Kh2 53. Ke3
Ra6 54. f4 Ra3+ 55. Kf2 Rg3 56. fxg5 Rxg4 57. hxg4 fxg5 58. Kf3 Kg1 {White
resigns} 0-1

[Event "Team 45 45 League T59"]
[Site "Internet Chess Club"]
[Date "2014.01.04"]
[Round "6"]
[White "SATELLITE-DAN"]
[Black "whiskeytown"]
[Result "0-1"]
[WhiteElo "1653"]
[BlackElo "1577"]
[Opening "Pirc defense"]
[ECO "B07"]
[Time "03:04:36"]
[TimeControl "2700+45"]

1. e4 d6 2. d4 Nf6 3. Nc3 g6 4. Be3 Bg7 5. Qd2 c6 6. Bd3 Nbd7 7. h3 b5 8. a3 a6
9. Nf3 Bb7 10. O-O Qc7 11. Rfe1 e5 12. Ne2 exd4 13. Bf4 Ne5 14. Nxe5 dxe5 15.
Bh2 c5 16. c3 c4 17. Bb1 d3 18. Nd4 Nxe4 19. Qe3 O-O 20. f3 exd4 21. cxd4 Qd7
22. Be5 Bxe5 23. dxe5 Ng3 {White resigns} 0-1

[Event "Team 45 45 League T59"]
[Site "Internet Chess Club"]
[Date "2014.01.05"]
[Round "6"]
[White "tightfist"]
[Black "Tjet"]
[Result "1/2-1/2"]
[WhiteElo "1596"]
[BlackElo "1566"]
[Opening "Polish (Sokolsky) opening"]
[ECO "A00"]
[Time "21:03:52"]
[TimeControl "2700+45"]

1. b4 e5 2. Bb2 d6 3. e4 Nf6 4. d3 g6 5. Be2 Bg7 6. Nf3 O-O 7. a3 b6 8. c4 c5 9.
O-O Nc6 10. bxc5 bxc5 11. Nc3 Bg4 12. Nd2 Bxe2 13. Nxe2 Nd4 14. f4 Nxe2+ 15.
Qxe2 exf4 16. Rxf4 Nh5 17. Bxg7 Nxf4 18. Qf3 Kxg7 19. Qxf4 Qf6 20. Qxf6+ Kxf6
21. Rb1 Rab8 22. Rb5 Rxb5 23. cxb5 Rb8 24. a4 Ke6 25. Nc4 d5 26. exd5+ Kxd5 27.
Kf2 f5 28. Ke3 g5 29. g3 h5 30. Na5 Rb6 31. Nb3 a6 32. bxa6 Rxa6 33. a5 c4 34.
dxc4+ Kxc4 35. Nd4 Rxa5 36. Nf3 Ra3+ 37. Kf2 Ra2+ 38. Ke3 g4 39. Nh4 Rxh2 40.
Nxf5 Rh1 {Game drawn by mutual agreement} 1/2-1/2

[Event "Team 45 45 League T59"]
[Site "Internet Chess Club"]
[Date "2014.01.03"]
[Round "6"]
[White "nidusin2"]
[Black "Stiltzkin"]
[Result "1/2-1/2"]
[WhiteElo "1653"]
[BlackElo "1652"]
[Opening "Sicilian: closed, Korchnoi variation"]
[ECO "B23"]
[Time "07:29:50"]
[TimeControl "2700+45"]

1. e4 c5 2. Nc3 e6 3. g3 d5 4. d3 Nf6 5. Bg2 Nc6 6. f4 Be7 7. Bd2 O-O 8. Nf3 a6
9. O-O b5 10. Ne2 Qb6 11. exd5 exd5 12. c3 Bf5 13. Ne1 c4+ 14. d4 Rfe8 15. Nf3
Bd6 16. Kh1 Bd3 17. Ne5 Be4 18. Ng1 Bxg2+ 19. Kxg2 Ne4 20. Ngf3 f6 21. Nxc6 Qxc6
22. Re1 Re7 23. Qc2 Rae8 24. Re3 Nxd2 25. Rxe7 Rxe7 26. Qxd2 Qe8 27. Re1 Rxe1
28. Qxe1 Qxe1 29. Nxe1 b4 30. Nc2 bxc3 31. bxc3 Kf7 32. Ne3 Ba3 33. Nxd5 Bb2 34.
f5 Ke8 35. Kf3 Kd7 36. Ke4 Kd6 37. g4 a5 38. a4 Kc6 39. h4 Kd6 40. g5 fxg5 41.
hxg5 Bc1 42. Ne3 Kd7 43. Nxc4 Bxg5 44. Ne5+ Kc7 45. Ng4 h5 46. Nf2 Kc6 47. Nh3
Bf6 48. c4 Be7 49. Nf4 h4 50. Kf3 Bd6 51. Kg4 Be7 52. Ng6 Bf6 53. Ne5+ Kd6 54.
c5+ Kd5 55. c6 Bd8 56. Nf7 Bb6 57. Kxh4 Kxc6 58. Kh5 Bxd4 59. Ng5 Kc5 60. Ne6+
Kc4 61. Nxd4 Kxd4 {Game drawn by mutual agreement} 1/2-1/2

[Event "Team 45 45 League T59"]
[Site "Internet Chess Club"]
[Date "2014.01.06"]
[Round "6"]
[White "DaveTheRook"]
[Black "fireball"]
[Result "1/2-1/2"]
[WhiteElo "1655"]
[BlackElo "1737"]
[Opening "Queen's bishop game"]
[ECO "D02"]
[Time "19:01:19"]
[TimeControl "2700+45"]

1. d4 d5 2. Nf3 Nf6 3. Bf4 c5 4. c4 dxc4 5. Nc3 cxd4 6. Qxd4 Qxd4 7. Nxd4 a6 8.
a4 Nbd7 9. Bc7 b6 10. e4 Bb7 11. f3 e5 12. Nf5 Rc8 13. Bd6 Rc6 14. Rd1 g6 15.
Bxf8 Kxf8 16. Nd6 Ba8 17. Bxc4 Ke7 18. Nxf7 Rf8 19. Ba2 Rxf7 20. Bxf7 Kxf7 21.
O-O Ke6 22. Nd5 Rc4 23. b3 Rd4 24. Nc7+ Kd6 25. Rxd4+ exd4 26. Nxa8 Kc6 27. Rc1+
Kb7 28. Nc7 Nc5 29. Nd5 Nxd5 30. exd5 Nxb3 31. Rd1 Kc7 32. Rd3 Nc1 33. Rd1 Nb3
34. Kf1 Kd6 35. Rd3 Nc5 36. Rxd4 Ke5 37. Rb4 Nd7 38. Ke2 Kxd5 39. Ke3 Kc5 40.
Rd4 Ne5 41. Ke4 Nc6 42. Rd5+ Kb4 43. Rd6 Kc5 44. Rd5+ Kb4 45. Rd6 Kc5 46. Rd5+
Kb4 {Game drawn by repetition} 1/2-1/2

[Event "Team 45 45 League T59"]
[Site "Internet Chess Club"]
[Date "2014.01.05"]
[Round "6"]
[White "calily"]
[Black "pokerram"]
[Result "0-1"]
[WhiteElo "1716"]
[BlackElo "1733"]
[Opening "Réti: King's Indian attack"]
[ECO "A05"]
[Time "04:00:43"]
[TimeControl "2700+45"]

1. Nf3 Nf6 2. g3 g6 3. Bg2 Bg7 4. d4 O-O 5. c4 d6 6. O-O c6 7. Nc3 Nbd7 8. b3 e5
9. dxe5 dxe5 10. Qc2 Qc7 11. Ba3 Re8 12. Rad1 Bf8 13. Bxf8 Nxf8 14. Ng5 Ne6 15.
Nxe6 Bxe6 16. Ne4 Nxe4 17. Qxe4 f5 18. Qh4 Qe7 19. Qxe7 Rxe7 20. Rd6 Kf7 21.
Rfd1 a5 22. c5 a4 23. R1d3 axb3 24. axb3 e4 25. Rc3 Ra1+ 26. Bf1 Rb1 27. e3 f4
28. gxf4 Bh3 {White resigns} 0-1

[Event "Team 45 45 League T59"]
[Site "Internet Chess Club"]
[Date "2014.01.05"]
[Round "6"]
[White "Megasus"]
[Black "Insan996"]
[Result "0-1"]
[WhiteElo "1677"]
[BlackElo "1625"]
[Opening "Queen's pawn game"]
[ECO "A46"]
[Time "22:00:20"]
[TimeControl "2700+45"]

1. Nf3 Nf6 2. d4 e6 3. Nbd2 c5 4. e3 b6 5. c4 Bb7 6. Bd3 Be7 7. a3 cxd4 8. exd4
O-O 9. O-O d5 10. b3 Nc6 11. Bb2 Rc8 12. Rc1 Na5 13. h3 Ne4 14. Qc2 f5 15. b4
Nxd2 16. Nxd2 Nxc4 17. Nxc4 dxc4 18. Bxc4 Bd5 19. Qb3 Rxc4 20. Qe3 Rxc1 21. Rxc1
Qd7 22. Qc3 Qb7 23. f3 Bd6 24. Rc2 h6 25. Bc1 b5 26. f4 Be4 27. Re2 Rc8 28. Qe3
Qc6 29. Bd2 Qd5 30. Be1 Rc4 31. Bf2 Bc7 32. g3 Bb6 {White resigns} 0-1

[Event "Team 45 45 League T59"]
[Site "Internet Chess Club"]
[Date "2014.01.07"]
[Round "6"]
[White "Baseta"]
[Black "chess9397"]
[Result "1-0"]
[WhiteElo "1840"]
[BlackElo "1810"]
[Opening "Neo-Grünfeld, 6.cd Nxd5, 7.O-O"]
[ECO "D74"]
[Time "18:31:46"]
[TimeControl "2700+45"]

1. Nf3 Nf6 2. c4 g6 3. g3 Bg7 4. Bg2 O-O 5. O-O d5 6. cxd5 Nxd5 7. d4 c6 8. Nc3
Nxc3 9. bxc3 c5 10. e3 Nc6 11. Rb1 Rb8 12. Ba3 cxd4 13. cxd4 Bg4 14. Qa4 Qd7 15.
Rfd1 Rfe8 16. d5 Ne5 17. Qxd7 Nxd7 18. h3 Bf5 19. Rbc1 Nb6 20. Nd4 Bd7 21. Nb3
Ba4 22. Rc7 Bf6 23. Rdc1 Rec8 24. Rxc8+ Rxc8 25. Rxc8+ Nxc8 26. Nc5 Bb5 27. Bf1
Bxf1 28. Kxf1 Nd6 29. Ke2 a5 30. Kd3 b5 31. e4 Nc4 32. Bc1 Kf8 33. Nd7+ Ke8 34.
Nxf6+ exf6 35. Kd4 Kd7 36. Kc5 Nd6 37. f3 b4 38. Bb2 f5 39. e5 Nc8 40. Kb5 Ne7
41. Kc4 Nc8 42. Bd4 Kc7 43. Bc5 Kd7 44. Kb5 Ne7 45. Bxe7 Kxe7 46. Kxa5 {Black
resigns} 1-0

[Event "Team 45 45 League T59"]
[Site "Internet Chess Club"]
[Date "2014.01.02"]
[Round "6"]
[White "DouDou"]
[Black "QuieroAprender"]
[Result "1/2-1/2"]
[WhiteElo "1898"]
[BlackElo "1736"]
[Opening "Ruy Lopez: Möller defense"]
[ECO "C70"]
[Time "18:06:14"]
[TimeControl "2700+45"]

1. e4 e5 2. Nf3 Nc6 3. Bb5 a6 4. Ba4 Bc5 5. O-O Nf6 6. c3 O-O 7. d4 exd4 8. cxd4
Ba7 9. Bg5 h6 10. Bxf6 Qxf6 11. e5 Qe7 12. Nc3 b5 13. Bc2 Nb4 14. Be4 Rb8 15. a3
Nc6 16. Nd5 Qd8 17. Qd3 Ne7 18. Nf4 Bb7 19. d5 c5 20. d6 Nc6 21. Bd5 Nd4 22.
Nxd4 Bxd5 23. Nxd5 cxd4 24. Rac1 Qg5 25. f4 Qh5 26. Rf3 Kh8 27. Rc7 Ra8 28. Ne7
Rfd8 29. Rf1 Bb6 30. Rfc1 Qg4 31. f5 Qg5 32. R1c2 Bxc7 33. dxc7 Qxe7 34. cxd8=Q+
Qxd8 35. Qxd4 Rc8 36. Rd2 Rc4 37. Qd6 Rc1+ 38. Rd1 Rxd1+ 39. Qxd1 Qb6+ 40. Kf1
Qe3 41. Qe2 Qf4+ 42. Kg1 Qc1+ 43. Kf2 Qf4+ 44. Kg1 Qxf5 45. h3 f6 46. exf6 Qxf6
47. Qe8+ Kh7 48. Qxd7 Qxb2 49. Qf5+ Kg8 50. Qc8+ Kh7 51. Qxa6 Qd4+ 52. Kh2 Qf4+
53. Kg1 Qe3+ 54. Kh2 Qf4+ 55. Kg1 Qe3+ 56. Kh2 {Game drawn by mutual agreement}
1/2-1/2

[Event "Team 45 45 League T59"]
[Site "Internet Chess Club"]
[Date "2014.01.04"]
[Round "6"]
[White "Andressa"]
[Black "ilovechess"]
[Result "1-0"]
[WhiteElo "1472"]
[BlackElo "1479"]
[Opening "Four knights: Italian variation"]
[ECO "C28"]
[Time "16:36:41"]
[TimeControl "2700+45"]

1. e4 e5 2. Bc4 Nf6 3. Nc3 Nc6 4. Nf3 Be7 5. d4 exd4 6. Nxd4 Ne5 7. Be2 d6 8.
O-O O-O 9. f4 Ng6 10. Qd3 Bd7 11. f5 Ne5 12. Qg3 Re8 13. Bh6 Bf8 14. Rad1 Kh8
15. Bf4 Nc6 16. Bf3 Nxd4 17. Rxd4 Bc6 18. e5 Bxf3 19. Qxf3 dxe5 20. Rxd8 Raxd8
21. Be3 e4 22. Qg3 Bd6 23. Qh4 Rd7 24. Rd1 Red8 25. Rxd6 Rxd6 26. Nxe4 Nxe4 27.
Qxe4 Kg8 28. Qxb7 Rd1+ 29. Kf2 R1d5 30. Qxc7 Rxf5+ 31. Ke2 Re8 32. Qxa7 Rfe5 33.
a4 f5 34. g3 R5e7 35. Qd4 Kf7 36. a5 Ra8 37. Qd5+ Kf6 38. Qxa8 g5 39. Qf8+ Rf7
40. Qxf7+ Kxf7 41. a6 Kf6 42. a7 Ke5 43. a8=Q f4 44. gxf4+ gxf4 45. Qb8+ Ke6 46.
Qxf4 h6 47. Qd4 Kf5 48. c4 h5 49. c5 h4 50. c6 h3 51. c7 Kg6 52. c8=Q Kh5 53.
Qxh3+ Kg6 54. Qh6+ Kf7 55. Qdf6+ Ke8 56. Qhf8+ Kd7 57. Q8e7+ Kc8 58. Qff8#
{Black checkmated} 1-0

[Event "Team 45 45 League T59"]
[Site "Internet Chess Club"]
[Date "2014.01.03"]
[Round "6"]
[White "ani"]
[Black "Leon13"]
[Result "1-0"]
[WhiteElo "1290"]
[BlackElo "1354"]
[Opening "French: Tarrasch, closed variation"]
[ECO "C05"]
[Time "17:00:46"]
[TimeControl "2700+45"]

1. e4 e6 2. d4 d5 3. Nd2 Nf6 4. Bd3 c5 5. e5 Nfd7 6. c3 Nc6 7. Ngf3 a6 8. a3 Be7
9. O-O O-O 10. Re1 Qb6 11. Bc2 Kh8 12. Nb3 f6 13. exf6 Nxf6 14. Ng5 c4 15. Nd2
Nd8 16. Ndf3 h6 17. Nh3 Nf7 18. Bg6 Nd6 19. Nf4 Nfe4 20. Ne5 Bg5 21. Qg4 Qd8 22.
Re2 Qf6 23. g3 Qe7 24. Bh5 Kg8 25. Nfg6 Qf6 26. Nxf8 Bxc1 27. Rxc1 Qxf8 28. Bg6
Qe7 29. Bxe4 Nxe4 30. Ng6 Qf6 31. f3 Ng5 32. Ne5 Nf7 33. Nxf7 Qxf7 34. Qh4 Bd7
35. Kg2 Rf8 36. Rf1 Qf5 37. Re5 Qc2+ 38. Rf2 Qd3 39. Qe7 Rf7 40. Qd8+ Kh7 41.
Qb8 Ba4 42. Rxe6 Bd1 43. f4 Qf5 44. Re5 Qd7 45. Re8 Bg4 46. Rh8+ Kg6 47. Rd8
Bh3+ 48. Kg1 Qe7 49. Re8 Qd7 50. Rfe2 Qf5 51. R2e5 Qb1+ 52. Re1 Qxb2 53. R8e2
Qxc3 54. Qd6+ Rf6 55. Qxd5 Qxa3 56. Qxc4 Bg4 57. Re3 Qb2 58. Qd3+ Bf5 59. Qd1
Rd6 60. g4 Rxd4 61. gxf5+ Kxf5 62. Qh5+ Kf6 63. Re6# {Black checkmated} 1-0

[Event "Team 45 45 League T59"]
[Site "Internet Chess Club"]
[Date "2014.01.04"]
[Round "6"]
[White "joehempel"]
[Black "mugurelt"]
[Result "1-0"]
[WhiteElo "1821"]
[BlackElo "1770"]
[Opening "Sicilian: Venice attack"]
[ECO "B56"]
[Time "00:38:54"]
[TimeControl "2700+45"]

1. e4 c5 2. Nf3 d6 3. d4 Nf6 4. Nc3 cxd4 5. Nxd4 e5 6. Bb5+ Bd7 7. Bxd7+ Nbxd7
8. Nf5 Nc5 9. Bg5 h6 10. Bxf6 gxf6 11. Qf3 Qa5 12. O-O O-O-O 13. Nd5 Nd7 14. b4
Qa6 15. Qc3+ {Black resigns} 1-0

[Event "Team 45 45 League T59"]
[Site "Internet Chess Club"]
[Date "2014.01.03"]
[Round "6"]
[White "noblitz-oblige"]
[Black "amicusUK"]
[Result "0-1"]
[WhiteElo "1582"]
[BlackElo "1669"]
[Opening "French: exchange variation"]
[ECO "C01"]
[Time "10:05:07"]
[TimeControl "2700+45"]

1. e4 e6 2. d4 d5 3. exd5 exd5 4. Nf3 Bd6 5. Nc3 Ne7 6. h3 c6 7. Bd3 Bf5 8. O-O
Bxd3 9. Qxd3 O-O 10. Re1 Ng6 11. a3 Na6 12. Bd2 Nc7 13. Bg5 Qd7 14. Ne5 Nxe5 15.
dxe5 Be7 16. Bf4 Rad8 17. Qg3 Ne6 18. Bd2 Nd4 19. Rad1 Qf5 20. Bh6 Ne6 21. Rd2
Kh8 {White resigns} 0-1

[Event "Team 45 45 League T59"]
[Site "Internet Chess Club"]
[Date "2014.01.03"]
[Round "6"]
[White "portis2"]
[Black "JasonModer"]
[Result "1-0"]
[WhiteElo "1622"]
[BlackElo "1689"]
[Opening "Catalan: closed"]
[ECO "E01"]
[Time "14:00:33"]
[TimeControl "2700+45"]

1. d4 d5 2. c4 e6 3. g3 Nf6 4. Bg2 c5 5. Nf3 dxc4 6. Qa4+ Bd7 7. Qxc4 Nc6 8. O-O
Be7 9. dxc5 O-O 10. Bf4 Rc8 11. b4 b6 12. Nc3 bxc5 13. bxc5 Na5 14. Qd3 Bxc5 15.
Rfd1 Bb4 16. Nb5 Nd5 17. Ng5 g6 18. Bxd5 exd5 19. Qxd5 Bc6 20. Qxd8 Rfxd8 21.
Nxa7 Ra8 22. Nxc6 Nxc6 23. Rxd8+ Rxd8 24. Nf3 Kg7 25. a4 Ra8 26. Bd2 Bc5 27. Rc1
Bb4 28. Rxc6 Bxd2 29. Nxd2 Ra7 30. Rc4 Kf6 31. Kf1 Ke5 32. f4+ Kd5 33. e4+ Kd6
34. Ke2 f6 35. Kd3 h6 36. h4 Ra6 37. g4 Ra7 38. Nb3 Ra6 39. a5 Ra7 40. Kc3 Ra6
41. Kd4 Ra7 42. e5+ fxe5+ 43. fxe5+ Ke6 44. Rc6+ Ke7 45. a6 Rd7+ 46. Rd6 Ra7 47.
Nc5 Ke8 48. Rd7 Rxa6 49. Nxa6 Kxd7 50. Kd5 Ke7 51. e6 g5 52. h5 Kd8 53. Kd6 Ke8
54. e7 Kf7 55. Kd7 Kg7 56. e8=Q Kh7 57. Qg6+ Kh8 58. Qxh6+ Kg8 59. Qxg5+ Kf7 60.
h6 Kf8 61. Qg7# {Black checkmated} 1-0

[Event "Team 45 45 League T59"]
[Site "Internet Chess Club"]
[Date "2014.01.02"]
[Round "6"]
[White "wildcat2023"]
[Black "Schachteufel"]
[Result "0-1"]
[WhiteElo "1521"]
[BlackElo "1681"]
[Opening "two knights defense: Bogolyubov variation"]
[ECO "C58"]
[Time "13:33:49"]
[TimeControl "2700+45"]

1. e4 e5 2. Nf3 Nc6 3. Bc4 Nf6 4. Ng5 d5 5. exd5 Na5 6. Bb5+ c6 7. dxc6 bxc6 8.
Qf3 Qb6 9. Nc3 Bg4 10. Qg3 cxb5 11. Nd5 Nxd5 12. Qxg4 Be7 13. Qf3 Bxg5 14. Qxd5
O-O 15. O-O Nc6 16. c3 Rad8 17. Qf3 Bxd2 18. b4 Bxc1 19. Raxc1 f5 20. h4 Qc7 21.
Qg3 Qf7 22. a3 e4 23. Qf4 Rd3 24. g3 Qf6 25. Kg2 Ne5 26. Rfe1 Rf3 27. Qd2 Nd3
28. Re3 Rxe3 29. Qxe3 Nxc1 30. Qxc1 Rc8 31. Qe3 Qxc3 32. Qxa7 Qf3+ 33. Kh2 Rc1
34. Qb8+ Kf7 35. Qb7+ Kg6 36. Qb6+ Kh5 37. g4+ Qxg4 38. Qxb5 Qg1+ 39. Kh3 Rc3+
40. Qd3 Rxd3+ {White resigns} 0-1

[Event "Team 45 45 League T59"]
[Site "Internet Chess Club"]
[Date "2014.01.03"]
[Round "6"]
[White "Littlemon"]
[Black "skwex"]
[Result "1/2-1/2"]
[WhiteElo "1468"]
[BlackElo "1564"]
[Opening "QGD Slav defense: exchange variation"]
[ECO "D10"]
[Time "10:31:02"]
[TimeControl "2700+45"]

1. d4 d5 2. c4 c6 3. cxd5 cxd5 4. Bf4 Nf6 5. e3 Bf5 6. Nc3 e6 7. Bd3 Bxd3 8.
Qxd3 Be7 9. Nge2 O-O 10. O-O a6 11. Rac1 Nc6 12. a3 Qb6 13. Na4 Qa7 14. b4 Rfc8
15. Nc5 b6 16. Na4 Ne4 17. f3 Nd6 18. Bxd6 Bxd6 19. e4 Rc7 20. e5 Bf8 21. f4
Rac8 22. Qd2 f6 23. Kh1 f5 24. Rc3 Nb8 25. Rfc1 Nd7 26. h3 h5 27. R1c2 Rxc3 28.
Rxc3 Qb7 29. Qc2 Rxc3 30. Qxc3 Kf7 31. Kg1 Nb8 32. h4 Nc6 33. g4 hxg4 34. Kf2 g6
35. Ng3 Bh6 36. Qc1 Nxd4 37. h5 gxh5 38. Nxh5 b5 39. Nc5 Qb6 40. Qh1 a5 41. Qh4
Bg7 42. Nxg7 Kxg7 43. Qe7+ Kg8 44. Qe8+ Kg7 45. Qe7+ Kg8 46. Qe8+ Kg7 47. Qe7+
Kg8 48. Qe8+ Kg7 49. Qe7+ Kg8 50. Qe8+ {Game drawn by repetition} 1/2-1/2

[Event "Team 45 45 League T59"]
[Site "Internet Chess Club"]
[Date "2014.01.06"]
[Round "6"]
[White "Pomberito"]
[Black "MisterDoob"]
[Result "0-1"]
[WhiteElo "2158"]
[BlackElo "2323"]
[Opening "Sicilian: Sozin, Benkö variation"]
[ECO "B57"]
[Time "19:33:56"]
[TimeControl "2700+45"]

1. e4 c5 2. Nf3 d6 3. d4 cxd4 4. Nxd4 Nf6 5. Nc3 Nc6 6. Bc4 Qb6 7. Nb3 e6 8. Bf4
Ne5 9. Be2 a6 10. Be3 Qc7 11. f4 Nc4 12. Bxc4 Qxc4 13. Qd3 Qc7 14. O-O-O Be7 15.
Rhg1 b5 16. a3 O-O 17. g4 Rb8 18. g5 Nd7 19. Bd4 Rd8 20. Qe2 b4 21. axb4 Rxb4
22. f5 Ne5 23. f6 Bf8 24. h4 Bb7 25. h5 a5 26. Bxe5 dxe5 27. Rxd8 Qxd8 28. fxg7
Kxg7 29. g6 fxg6 30. hxg6 hxg6 31. Qg2 Qf6 32. Nxa5 Qf4+ 33. Kb1 Bxe4 34. Nxe4
Qxe4 35. b3 Bc5 36. Qxe4 Rxe4 37. Rg2 Rf4 38. Nc4 Kf6 39. c3 e4 40. Kc2 g5 41.
b4 Rf2+ 42. Rxf2+ Bxf2 43. Kd2 g4 44. Ne3 g3 45. b5 Ke5 46. b6 Kf4 47. Ng2+ Kf3
48. Nh4+ Kg4 49. Ng2 Bxb6 50. Ke2 e5 51. c4 Kh3 52. Kf1 Bf2 {White resigns} 0-1

[Event "Team 45 45 League T59"]
[Site "Internet Chess Club"]
[Date "2014.01.06"]
[Round "6"]
[White "santiagoelawad"]
[Black "LuxAeterna"]
[Result "0-1"]
[WhiteElo "1849"]
[BlackElo "2045"]
[Opening "Benko's opening"]
[ECO "A00"]
[Time "20:04:46"]
[TimeControl "2700+45"]

1. g3 c6 2. Nf3 d5 3. c4 Nf6 4. d4 dxc4 5. Bg2 Bf5 6. Nbd2 Nbd7 7. Nxc4 e6 8.
O-O Nb6 9. Na5 Qc8 10. Ne5 Qc7 11. Nxb7 Nbd5 12. g4 Bxg4 13. f3 Bh5 14. e4 Qxb7
15. exd5 Nxd5 16. Qa4 Qb5 17. Qc2 Rc8 18. Bd2 Bd6 19. a4 Qb6 20. a5 Qxd4+ {White
resigns} 0-1

[Event "Team 45 45 League T59"]
[Site "Internet Chess Club"]
[Date "2014.01.03"]
[Round "6"]
[White "AlliesterMX"]
[Black "jjimalo"]
[Result "0-1"]
[WhiteElo "1921"]
[BlackElo "1977"]
[Opening "Queen's pawn game"]
[ECO "A45"]
[Time "11:02:04"]
[TimeControl "2700+45"]

1. d4 Nf6 2. e3 d5 3. Be2 Bf5 4. Nf3 e6 5. O-O Bd6 6. b3 O-O 7. Ba3 Bxa3 8. Nxa3
Qe7 9. Qc1 c5 10. Qb2 Nc6 11. c3 Rfc8 12. Rfc1 a6 13. Nc2 Rc7 14. Nce1 Rac8 15.
Nd3 Ne4 16. Nde5 Nxe5 17. Nxe5 f6 18. Nd3 c4 19. bxc4 Rxc4 20. Nc5 Nxc5 21. Bxc4
Na4 22. Qb3 Rxc4 23. f3 Qc7 24. Kf2 b5 25. g3 Nxc3 26. Ke1 h5 27. Qb2 e5 28.
dxe5 fxe5 29. Qd2 d4 30. e4 Be6 31. Qg5 Bf7 32. Qd2 Ra4 33. a3 Qc5 34. Qb2 Qc4
35. Qd2 Qb3 36. Rc2 Rxa3 37. Rxa3 Qxa3 38. Kf2 b4 39. Qg5 b3 40. Qd8+ Kh7 41.
Rxc3 Qb2+ 42. Kg1 Qxc3 43. Qe7 b2 44. Qxf7 b1=Q+ 45. Kg2 Qbc2+ 46. Kh3 Qc8+ 47.
g4 hxg4+ 48. fxg4 Qd3+ 49. Kh4 Qd8+ 50. Kh5 Qh3# {White checkmated} 0-1

[Event "Team 45 45 League T59"]
[Site "Internet Chess Club"]
[Date "2014.01.05"]
[Round "6"]
[White "gerailen0075"]
[Black "iletrado"]
[Result "1/2-1/2"]
[WhiteElo "2010"]
[BlackElo "1874"]
[Opening "Caro-Kann: Tartakower (Nimzovich) variation"]
[ECO "B15"]
[Time "10:01:20"]
[TimeControl "2700+45"]

1. e4 c6 2. d4 d5 3. Nc3 dxe4 4. Nxe4 Nf6 5. Nxf6+ exf6 6. c3 Bd6 7. Bd3 O-O 8.
Ne2 Re8 9. O-O Qc7 10. Ng3 Be6 11. f4 f5 12. Nxf5 Bxf5 13. Bxf5 Nd7 14. Qf3 Nf8
15. Qh3 c5 16. d5 c4 17. Bg4 Qc5+ 18. Kh1 Qxd5 19. Bf3 Qb5 20. f5 Be5 21. a4 Qd7
22. a5 Rab8 23. Qg4 Qc7 24. Be3 b6 25. axb6 axb6 26. Bd4 Nd7 27. Rfe1 Nf6 28.
Qh4 Bxd4 29. Qxd4 Rbd8 30. Rxe8+ Rxe8 31. g4 h6 32. Kg2 Rd8 33. Ra8 Rxa8 34.
Bxa8 Qb8 35. Bf3 Qc7 36. h4 Nd7 37. Bd5 Ne5 38. g5 hxg5 39. hxg5 Qe7 40. Qf4 Kf8
41. Qh4 Qc5 42. Qd4 Qe7 43. Qh4 Qc5 44. Qd4 Qe7 45. f6 gxf6 46. Qxb6 Nd7 47.
gxf6 Qe5 48. Qd8+ Qe8 49. Qxe8+ Kxe8 50. Bxc4 Nxf6 51. Kf3 Ke7 52. b4 Ne8 53.
Bxf7 Kxf7 54. Ke4 Ke7 55. Kd5 Kd7 56. c4 Nc7+ 57. Kc5 Na6+ 58. Kb5 Nxb4 59. Kxb4
Kc6 60. c5 Kc7 61. Kb5 Kb7 62. c6+ Kc7 63. Kc5 Kc8 64. Kb6 Kb8 65. c7+ Kc8 66.
Kc6 {Black stalemated} 1/2-1/2

[Event "Team 45 45 League T59"]
[Site "Internet Chess Club"]
[Date "2014.01.03"]
[Round "6"]
[White "Scotty2Cues"]
[Black "chess9793"]
[Result "0-1"]
[WhiteElo "1774"]
[BlackElo "2128"]
[Opening "Sicilian: closed, 2...Nc6"]
[ECO "B23"]
[Time "14:17:38"]
[TimeControl "2700+45"]

1. e4 c5 2. Nc3 Nc6 3. Nf3 g6 4. d3 Bg7 5. Be3 Nd4 6. Qd2 e6 7. Be2 Ne7 8. O-O-O
Qb6 9. Rde1 h6 10. Nd1 Nec6 11. c3 Nxe2+ 12. Rxe2 a5 13. h4 a4 14. Nh2 Na5 15.
Kb1 d6 16. h5 g5 17. f4 gxf4 18. Bxf4 a3 19. Ng4 e5 20. Bxh6 Bxg4 21. Bxg7 Rh7
22. Rf2 Bxd1 23. Qxd1 c4 24. Qf3 Rxg7 25. h6 Rh7 26. Qf5 Qe3 27. d4 exd4 28.
Qxh7 Qxf2 29. Qg8+ Kd7 30. Qg4+ Kc7 31. bxa3 dxc3 {White resigns} 0-1

[Event "Team 45 45 League T59"]
[Site "Internet Chess Club"]
[Date "2014.01.02"]
[Round "6"]
[White "chessfan"]
[Black "laurenpar"]
[Result "1-0"]
[WhiteElo "1835"]
[BlackElo "1893"]
[Opening "Sicilian: Canal-Sokolsky (Nimzovich-Rossolimo, Moscow) attack"]
[ECO "B51"]
[Time "21:02:02"]
[TimeControl "2700+45"]

1. e4 c5 2. Nf3 d6 3. Bb5+ Nd7 4. O-O a6 5. Be2 Ngf6 6. Nc3 b5 7. d4 cxd4 8.
Nxd4 g6 9. a4 b4 10. Nd5 Bb7 11. Nxb4 Nxe4 12. Be3 Bg7 13. f3 Nef6 14. Re1 Qc7
15. Bd3 O-O 16. a5 Rfe8 17. Qe2 Nc5 18. Bc4 d5 19. Nb3 Nxb3 20. Bxb3 e5 21. Bb6
Qc8 22. Rad1 d4 23. Ba4 Re6 24. Qd2 Nd7 25. Bb3 Rd6 26. Nd3 Nxb6 27. axb6 Qf5
28. Qb4 Rad8 29. Nc5 Qc8 30. Ra1 Rc6 31. Ra5 Bf8 32. Rxe5 Bd6 33. Rg5 Re8 34.
Ba4 Rxc5 35. Rgxc5 Bxc5 36. Rxc5 Re1+ 37. Kf2 Qe6 38. Qxe1 {Black resigns} 1-0

[Event "Team 45 45 League T59"]
[Site "Internet Chess Club"]
[Date "2014.01.01"]
[Round "6"]
[White "arhrid"]
[Black "jrobic7"]
[Result "1-0"]
[WhiteElo "1827"]
[BlackElo "1746"]
[Opening "Ruy Lopez: closed, Flohr-Zaitsev system (Lenzerheide variation)"]
[ECO "C92"]
[Time "22:03:17"]
[TimeControl "2700+45"]

1. e4 e5 2. Nf3 Nc6 3. Bb5 a6 4. Ba4 Nf6 5. O-O Be7 6. Re1 b5 7. Bb3 d6 8. h3
O-O 9. c3 Bb7 10. d4 Re8 11. Nbd2 Bf8 12. Bc2 exd4 13. cxd4 Nb4 14. d5 Nxc2 15.
Qxc2 Rc8 16. Nf1 c5 17. Ng3 g6 18. Bf4 Nd7 19. Rad1 Qf6 20. Bg5 Qg7 21. Bc1 Ne5
22. Nxe5 Qxe5 23. f4 Qe7 24. e5 Qh4 25. Qf2 Rcd8 26. Qf3 Bg7 27. exd6 Rxe1+ 28.
Rxe1 Bd4+ 29. Kh2 Rxd6 30. Re8+ Kg7 31. Ne4 Bxd5 32. g3 Bxe4 33. Qxe4 Qf6 34. b3
Re6 35. Qa8 Rxe8 36. Qxe8 Qe6 37. Qxe6 fxe6 38. Kg2 h5 39. Kf3 Kf6 40. Ke4 e5
41. Kd5 exf4 42. gxf4 Kf5 43. b4 Bf6 44. bxc5 Bd8 45. Bd2 a5 46. Kc6 b4 47. Kd7
{Black resigns} 1-0